 Dungeon Crawl Stone Soup version 0.26.1-11-gd32895ea62 (webtiles) character file.

Game seed: 3777856505109634354

26136 infcreate the Covert (level 12, -5/74 HPs)
             Began as a Vampire Necromancer on July 28, 2021.
             Was an Elder of Kikubaaqudgha.
             Slain by a six-headed hydra (9 damage)
             ... on level 3 of the Lair of Beasts.
             The game lasted 01:00:53 (19571 turns).

infcreate the Covert (Vampire Necromancer)         Turns: 19571, Time: 01:00:54

Health: -5/74      AC: 10    Str:  7    XL:     12   Next: 95%
Magic:  20/24      EV: 20    Int: 19    God:    Kikubaaqudgha [****..]
Gold:   886        SH:  0    Dex: 18    Spells: 5/28 levels left

rFire    . . .     SeeInvis +   J - +4 scimitar (flame)
rCold    + + .     Faith    .   (no shield)
rNeg     + + +     Spirit   .   o - +0 robe
rPois    ∞         Reflect  .   a - +2 helmet
rElec    .         Harm     .   B - +2 cloak
rCorr    .         Rampage  .   E - +0 pair of gloves
Will     +....                  s - +0 pair of boots
Stlth    ++++++++..             q - amulet of magic regeneration
HPRegen  0.00/turn              (no ring)
MPRegen  0.44/turn              (no ring)

@: bloodless
A: fangs 3, see invisible, unbreathing
a: Bat Form, Revivify, Renounce Religion, Receive Corpses


You were on level 3 of the Lair of Beasts.
You worshipped Kikubaaqudgha.
Kikubaaqudgha was greatly pleased with you.
You visited 3 branches of the dungeon, and saw 15 of its levels.

You collected 1146 gold pieces.
You spent 260 gold pieces at shops.


Innate Abilities, Weirdness & Mutations

You do not regenerate when monsters are visible.
You are frail without blood (-20% HP).
You can heal yourself when you bite living creatures.
You are immune to poison.
You have razor-sharp teeth.
You have supernaturally acute eyesight. (SInv)
You can survive without breathing.


   Skills:
 + Level 8.3 Fighting
 + Level 9.8 Short Blades
 + Level 10.2 Dodging
 + Level 13.7 Stealth
 + Level 8.6 Spellcasting
 + Level 10.9 Necromancy


You had 5 spell levels left.
You knew the following spells:

 Your Spells              Type           Power        Failure   Level
a - Animate Skeleton      Necr           98%          1%          1
b - Borgnjor's Vile Clut  Necr/Erth      14%          26%         5
d - Animate Dead          Necr           24%          1%          4
n - Dispel Undead         Necr           49%          1%          4
p - Pain                  Necr           100%         1%          1
v - Vampiric Draining     Necr           24%          1%          3
y - Agony                 Necr           49%          2%          5

Your spell library contained the following spells:

 Spells                   Type           Power        Failure   Level
 Sublimation of Blood     Necr           24%          1%          2
 Beastly Appendage        Tmut           16%          9%          1
 Freeze                   Ice            32%          9%          1
 Wereblood                Tmut           8%           13%         2
 Frozen Ramparts          Ice            16%          26%         3
 Ozocubu's Armour         Ice            8%           26%         3
 Spider Form              Tmut/Pois      4%           26%         3
 Hailstorm                Conj/Ice       8%           63%         4
 Ice Form                 Ice/Tmut       8%           63%         4
 Summon Ice Beast         Ice/Summ       8%           63%         4
 Blade Hands              Tmut           4%           93%         5
 Death Channel            Necr           24%          14%         6

Inventory:

Hand Weapons
 g - a +2 rapier of draining
 J - a +4 scimitar of flaming (weapon)
Missiles
 y - a throwing net {=f}
Armour
 a - a +2 helmet (worn)
 o - a +0 robe (worn)
 s - a +0 pair of boots (worn)
 B - a +2 cloak (worn)
 E - a +0 pair of gloves (worn)
 Q - a +2 buckler
Jewellery
 q - an amulet of magic regeneration (around neck)
 C - an uncursed ring of ice
Wands
 l - a wand of enslavement (6)
 v - a wand of disintegration (10)
 z - a wand of acid (13)
 D - a wand of paralysis (20)
 F - a wand of digging (12)
 G - a wand of flame (7)
Scrolls
 c - a scroll of teleportation {@r4}
 f - 3 scrolls of immolation
 m - a scroll of magic mapping
 p - 3 scrolls of fog
 r - 5 scrolls of amnesia
 w - 4 scrolls of remove curse {@r2}
 x - 6 scrolls of identify {@r1}
 A - a scroll of fear
 K - 2 scrolls of torment
Potions
 b - a potion of mutation {unknown}
 e - a potion of lignification {unknown}
 h - 2 potions of might {unknown}
 i - 4 potions of curing {@q1}
 j - a potion of cancellation {unknown}
 k - 3 potions of haste {@q3}
 n - 2 potions of flight {unknown}
 t - a potion of degeneration {unknown}
 u - a potion of brilliance {unknown}
 H - 4 potions of ambrosia {unknown}
 I - a potion of heal wounds {unknown}
 N - a potion of attraction {unknown}
 O - a potion of magic {unknown}
 R - a potion of invisibility {unknown}
Miscellaneous
 d - a phial of floods

Dungeon Overview and Level Annotations

Branches:
Dungeon (11/15)            Temple (1/1) D:5            Lair (3/6) D:11
  Swamp (0/4) Lair:2
  Snake: Lair:2-4    Spider: Lair:2-4       Orc: D:9-12

Altars:
Ashenzari
Cheibriados
Dithmenos
Elyvilon
Fedhas
Gozag
Hepliaklqana
Kikubaaqudgha
Makhleb
Nemelex Xobeh
Okawaru
Qazlal
Ru
Sif Muna
Trog
Uskayaw
Vehumet
Wu Jian
Xom
Yredelemnul
Zin
The Shining One

Shops:
D:8

? .....###..#..#
#####........# ÷##### #######
##.....(...<..# ###
#####........P..### ..###
#####P##...........## #...#
##.#...#.#...........#
...D###.......##...........##
...........##............##
.........†.....#@......#.....#
.............#.D......###....#
............####[......#..#..#
###........## #...........###
#..P#..P## ##.<.......##
#..###.## #...........#
#....#P.# ##..........## ....l
#### ##..........# ...$#
#..>......##


You could see a six-headed hydra (clutched).


Message History

The seven-headed hydra is moderately wounded.
The zombie hands constrict the seven-headed hydra.
The seven-headed hydra completely misses you.
The seven-headed hydra bites you.
* * * LOW HITPOINT WARNING * * *
The seven-headed hydra bites you.
* * * LOW HITPOINT WARNING * * *
The seven-headed hydra misses you.
The seven-headed hydra barely misses you.
The seven-headed hydra misses you.
The seven-headed hydra bites you but does no damage.
You lop one of the seven-headed hydra's heads off!
The flame cauterises the wound!
You slash the six-headed hydra! You burn the six-headed hydra.
The six-headed hydra is heavily wounded.
The zombie hands constrict the six-headed hydra!
The six-headed hydra bites you.
* * * LOW HITPOINT WARNING * * *
The six-headed hydra misses you. The six-headed hydra barely misses you.
The six-headed hydra completely misses you.
The six-headed hydra misses you. The six-headed hydra bites you.
* * * LOW HITPOINT WARNING * * *
The six-headed hydra bites you.
* * * LOW HITPOINT WARNING * * *
The six-headed hydra closely misses you.
The six-headed hydra bites you.
* * * LOW HITPOINT WARNING * * *
The six-headed hydra bites you!
You die...
Kikubaaqudgha rasps: "You have failed me!
Welcome... oblivion!"

Skill      XL: |  1  2  3  4  5  6  7  8  9 10 11 12 |
---------------+-------------------------------------+-----
Short Blades   | 1 2 3 4 6 7 8 9 |  9.8
Fighting       | 1 2 3 4 5 6 7 8 |  8.3
Stealth        | 4 5 6 8 9 11 12 13 | 13.7
Dodging        | 3 4 5 6 7 9 10 | 10.2
Necromancy     | 5 6 7 8 10 | 10.9
Spellcasting   | 3 4 5 6 7 8 |  8.6

Action                   |  1- 3 |  4- 6 |  7- 9 | 10-12 || total
-------------------------+-------+-------+-------+-------++-------
Melee: Dagger            |    36 |       |       |       ||    36
       Bite              |     2 |       |    18 |    43 ||    63
       Rapier            |       |    15 |   162 |   466 ||   643
       Scimitar          |       |       |       |     4 ||     4
 Cast: Pain              |    92 |    82 |   170 |   146 ||   490
       Vampiric Draining |       |     3 |    21 |   105 ||   129
       Agony             |       |       |       |    23 ||    23
       Dispel Undead     |       |       |       |    11 ||    11
       Borgnjor's Vile C |       |       |       |    25 ||    25
       Animate Dead      |       |       |       |     1 ||     1
 Abil: Exsanguinate      |       |     1 |       |       ||     1
Evoke: Wand              |       |       |    11 |    11 ||    22
       Phial of floods   |       |       |       |     1 ||     1
  Use: Scroll            |     1 |     7 |     4 |     8 ||    20
 Stab: Sleeping          |     4 |     4 |    15 |    17 ||    40
       Paralysed         |       |       |       |     1 ||     1
Armor: Robe              |    14 |    19 |    61 |   129 ||   223
Dodge: Dodged            |    28 |    20 |   180 |   576 ||   804

Levels and vault maps discovered:
D:1:      dpeg_arrival_arbitrary_b, layout_basic, serial_forest,
          infiniplex_forest_lined_4_way, infiniplex_forest_zigzag_1,
          infiniplex_forest_clump_medium, infiniplex_forest_join,
          infiniplex_forest_straight_3, infiniplex_forest_lined_room_2,
          infiniplex_forest_clump_medium, infiniplex_forest_side_room,
          infiniplex_forest_end_3
D:2:      layout_rooms
D:3:      layout_loops_ring, gammafunk_ghost_cemetery
D:4:      layout_cave_pools, pdpol_wu_jian_five_deadly_venoms,
          gammafunk_ghost_split, grunt_ministairs_13
D:5:      layout_basic, lemuel_doored_altar, nicolae_overflow_hidden_temple,
          temple_hall, elyvilon_altar_5
D:6:      layout_layer_cave, lemuel_blue_sif_altar, zin_statuary,
          gammafunk_ghost_split, uniq_blork_the_orc
D:7:      layout_cave_pools
D:8:      layout_gridville, kennysheep_little_box, serial_shops,
          nicolae_shop_temple_entry_statues_fountains
D:9:      minmay_chopped_fan, layout_irregular_city,
          grunt_temple_overflow_holy_war
D:10:     layout_basic, minivault_7, uniq_erica, uniq_nergalle
D:11:     layout_irregular_city, dpeg_oklobed_lair, minivault_27,
          grunt_decor_mini_mirrors, uniq_psyche
Temple:   jpeg_temple_clearing
Lair:1:   layout_hall_layers, basic_altar, chequers_serial_rivers_large_b,
          beast_lair_carwin_7
Lair:2:   layout_long_grid, nicolae_swamp_entry_splash_gauntlet
Lair:3:   layout_cave_shapes, basic_altar, uniq_gastronok

Notes
Turn   | Place    | Note
-------+----------+-------------------------------------------
     0 | D:1      | infcreate the Vampire Necromancer began the quest for the
                  | Orb.
     0 | D:1      | Reached XP level 1. HP: 13/13 MP: 3/3
     2 | D:1      | Learned a level 1 spell: Animate Skeleton
   350 | D:1      | Reached XP level 2. HP: 18/20 MP: 1/5
  1292 | D:1      | Reached XP level 3. HP: 23/25 MP: 0/6
  1562 | D:1      | Reached skill level 1 in Short Blades
  1723 | D:2      | Learned a level 3 spell: Vampiric Draining
  1991 | D:2      | Reached skill level 1 in Fighting
  2549 | D:3      | Found a runed translucent gate.
  2549 | D:3      | Found a runed translucent gate.
  2563 | D:3      | Found a runed translucent gate.
  2565 | D:3      | Noticed YannSP's ghost (amateur HOFi)
  2565 | D:3      | Noticed MajorAdolf's ghost (amateur NaWn)
  2693 | D:3      | Noticed an ogre
  2708 | D:3      | Reached XP level 4. HP: 31/32 MP: 4/7
  3170 | D:3      | Reached skill level 4 in Stealth
  3390 | D:4      | Reached skill level 3 in Dodging
  3443 | D:4      | Found a runed translucent gate.
  3443 | D:4      | Noticed a bullfrog
  3444 | D:4      | Found a runed translucent gate.
  3444 | D:4      | Found a runed translucent gate.
  3455 | D:4      | Noticed a water moccasin
  3456 | D:4      | Noticed Zeebu's ghost (amateur DsAK)
  3503 | D:4      | Reached XP level 5. HP: 34/37 MP: 4/9
  3521 | D:4      | Learned a level 4 spell: Animate Dead
  3684 | D:4      | Reached skill level 5 in Necromancy
  3818 | D:4      | Found an ornate altar of the Wu Jian Council.
  3845 | D:4      | Noticed a spectral centipede
  3845 | D:4      | Noticed a spectral black mamba
  3845 | D:4      | Noticed a spectral cane toad
  3936 | D:4      | Killed a water moccasin
  3937 | D:4      | Reached skill level 2 in Short Blades
  4032 | D:5      | Entered Level 5 of the Dungeon
  4038 | D:5      | Reached XP level 6. HP: 35/35 MP: 5/10
  4057 | D:5      | Noticed a sky beast
  4065 | D:5      | Killed a sky beast
  4066 | D:5      | Reached skill level 2 in Fighting
  4066 | D:5      | Reached skill level 5 in Stealth
  4066 | D:5      | Reached skill level 3 in Spellcasting
  4551 | D:5      | Found a staircase to the Ecumenical Temple.
  4578 | Temple   | Entered the Ecumenical Temple
  4682 | D:5      | Found a snail-covered altar of Cheibriados.
  4943 | D:5      | Reached XP level 7. HP: 21/40 MP: 3/12
  5161 | D:5      | Found a white marble altar of Elyvilon.
  5193 | D:5      | Reached skill level 3 in Short Blades
  5193 | D:5      | Reached skill level 4 in Dodging
  5211 | D:5      | Reached skill level 6 in Stealth
  5263 | D:5      | Found an ancient bone altar of Kikubaaqudgha.
  6062 | D:5      | Became a worshipper of Kikubaaqudgha
  6122 | D:6      | Noticed Blork the orc
  6128 | D:6      | Killed Blork the orc
  6129 | D:6      | Reached skill level 3 in Fighting
  6129 | D:6      | Reached skill level 6 in Necromancy
  6135 | D:6      | Found a shimmering blue altar of Sif Muna.
  6154 | D:6      | Noticed a boulder beetle
  6276 | D:6      | Found a glowing silver altar of Zin.
  6357 | D:6      | Found a runed translucent gate.
  6358 | D:6      | Found a runed translucent gate.
  6359 | D:6      | Found a runed translucent gate.
  6362 | D:6      | Noticed kthxbai's ghost (novice KoHu)
  6421 | D:6      | Reached XP level 8. HP: 42/46 MP: 13/13
  6515 | D:7      | Reached skill level 4 in Spellcasting
  6540 | D:7      | Reached skill level 4 in Short Blades
  6649 | D:7      | Reached skill level 7 in Stealth
  6819 | D:7      | Reached skill level 5 in Dodging
  7111 | D:8      | Found Wazeh's Magic Scroll Shoppe.
  7166 | D:8      | Bought a scroll of brand weapon for 260 gold pieces
  7326 | D:8      | Reached * piety under Kikubaaqudgha
  7326 | D:8      | Identified Kikubaaqudgha's Volume of Dark Rites
                  | (Kikubaaqudgha gifted it to you on level 8 of the Dungeon)
  7326 | D:8      | Received a gift from Kikubaaqudgha
  7384 | D:8      | Found an opulent altar of Gozag.
  7411 | D:8      | Reached skill level 4 in Fighting
  7476 | D:8      | Reached skill level 8 in Stealth
  7476 | D:8      | Reached XP level 9. HP: 52/52 MP: 16/16
  7681 | D:8      | Noticed a two-headed ogre
  8007 | D:8      | Reached skill level 5 in Short Blades
  8007 | D:8      | Reached skill level 7 in Necromancy
  8220 | D:8      | Killed a two-headed ogre
  8221 | D:8      | Reached skill level 6 in Dodging
  8221 | D:8      | Reached skill level 5 in Spellcasting
  8554 | D:9      | Reached skill level 9 in Stealth
  8559 | D:9      | Reached ** piety under Kikubaaqudgha
  8632 | D:9      | Noticed a troll
  8647 | D:9      | Noticed a stone giant
  8867 | D:8      | Reached skill level 5 in Fighting
  9281 | D:9      | Found a basalt altar of Yredelemnul.
  9286 | D:9      | Found a glowing golden altar of the Shining One.
  9288 | D:9      | Noticed an angel
  9300 | D:9      | Noticed a profane servitor
  9382 | D:10     | Entered Level 10 of the Dungeon
  9545 | D:10     | Reached skill level 6 in Short Blades
  9704 | D:10     | Noticed a queen bee
  9834 | D:10     | Reached XP level 10. HP: 59/59 MP: 14/18
  9852 | D:10     | Reached skill level 8 in Necromancy
 10093 | D:10     | Reached skill level 7 in Dodging
 10125 | D:10     | Reached skill level 6 in Spellcasting
 10263 | D:9      | Reached skill level 10 in Stealth
 11032 | D:10     | Reached *** piety under Kikubaaqudgha
 11032 | D:10     | Identified Kikubaaqudgha's Compendium of Dark Secrets
                  | (Kikubaaqudgha gifted it to you on level 10 of the Dungeon)
 11032 | D:10     | Received a gift from Kikubaaqudgha
 11045 | D:10     | Reached skill level 7 in Short Blades
 11055 | D:10     | Reached skill level 6 in Fighting
 11067 | D:10     | Learned a level 4 spell: Dispel Undead
 11073 | D:10     | Learned a level 5 spell: Agony
 11103 | D:10     | Noticed Nergalle
 11141 | D:10     | Noticed Erica
 11161 | D:10     | Noticed a spectral orc warlord
 11172 | D:10     | Killed Nergalle
 11324 | D:10     | Killed Erica
 11325 | D:10     | Reached skill level 11 in Stealth
 11325 | D:10     | Reached XP level 11. HP: 48/64 MP: 2/21
 11531 | D:10     | Reached skill level 9 in Necromancy
 11917 | D:11     | Reached skill level 8 in Dodging
 11981 | D:11     | Noticed a green ugly thing
 11985 | D:11     | Killed a green ugly thing
 12017 | D:11     | Noticed an oklob plant
 12020 | D:11     | Found a staircase to the Lair.
 12023 | D:11     | Killed an oklob plant
 12122 | D:11     | Noticed an unseen horror
 12139 | D:11     | Killed an unseen horror
 12140 | D:11     | Reached skill level 7 in Spellcasting
 12470 | D:11     | Noticed Psyche
 12474 | D:11     | Killed Psyche
 13279 | D:11     | Reached skill level 8 in Short Blades
 13754 | D:3      | Killed MajorAdolf's ghost
 13756 | D:3      | Killed YannSP's ghost
 13811 | D:4      | Killed Zeebu's ghost
 13963 | D:6      | Killed a boulder beetle
 13984 | D:6      | Killed kthxbai's ghost
 13984 | D:6      | Reached **** piety under Kikubaaqudgha
 13985 | D:6      | Reached skill level 12 in Stealth
 14208 | Lair:1   | Entered Level 1 of the Lair of Beasts
 14214 | Lair:1   | Reached skill level 7 in Fighting
 14322 | D:11     | Reached skill level 9 in Dodging
 14435 | Lair:1   | Noticed a five-headed hydra
 14759 | D:11     | Reached skill level 10 in Necromancy
 15057 | Lair:1   | Learned a level 5 spell: Borgnjor's Vile Clutch
 15082 | Lair:1   | Reached XP level 12. HP: 72/72 MP: 18/23
 15297 | Lair:1   | Noticed an eight-headed hydra
 15528 | Lair:1   | Found a stormy altar of Qazlal.
 15985 | Lair:1   | Killed a three-headed hydra
 16538 | Lair:2   | Reached skill level 9 in Short Blades
 16668 | Lair:1   | Reached skill level 8 in Spellcasting
 16811 | Lair:2   | Noticed a four-headed hydra
 16837 | Lair:2   | Killed a four-headed hydra
 16838 | Lair:2   | Reached skill level 13 in Stealth
 17468 | Lair:2   | Found a staircase to the Swamp.
 18113 | Lair:2   | Noticed a six-headed hydra
 18116 | Lair:2   | Killed a six-headed hydra
 18217 | Lair:2   | Reached skill level 8 in Fighting
 18224 | Lair:2   | Reached skill level 10 in Dodging
 18386 | Lair:3   | Noticed an eight-headed hydra
 18628 | Lair:3   | Noticed Gastronok
 19172 | Lair:3   | Killed Gastronok
 19286 | Lair:3   | Found a radiant altar of Vehumet.
 19571 | Lair:3   | HP: 4/74 [six-headed hydra (5)]
 19571 | Lair:3   | Slain by a six-headed hydra

Vanquished Creatures
  Gastronok (Lair:3)
  3 hydras
  A boulder beetle (D:6)
  A two-headed ogre (D:8)
  Erica (D:10)
  Nergalle (D:10)
  An unseen horror (D:11)
  A bog body (Lair:2)
  The ghost of kthxbai the Quickloader, a novice KoHu (D:6)
  An oklob plant (D:11)
  An ugly thing (D:11)
  A black mamba (Lair:3)
  Psyche (D:11)
  12 cane toads
  A torpor snail (Lair:2)
  2 komodo dragons
  A queen bee (D:10)
  A troll (D:9)
  8 blink frogs
  2 dream sheep (Lair:2)
  2 wyverns
  16 yaks
  The ghost of YannSP the Skirmisher, an amateur HOFi (D:3)
  The ghost of MajorAdolf the Sneak, an amateur NaWn of Hepliaklqana (D:3)
  A steam dragon (D:11)
  A basilisk (Lair:2)
  The ghost of Zeebu the Agent of Entropy, an amateur DsAK of Lugonu (D:4)
  4 swamp worms (Lair:2)
  6 water moccasins
  7 sky beasts
  2 black bears
  2 ice beasts
  7 ogres
  A necrophage (D:11)
  4 wolves (Lair:1)
  A phantom (D:11)
  9 centaurs
  A big kobold (D:8)
  14 bullfrogs
  Blork the orc (D:6)
  3 scorpions
  21 killer bees
  3 wights (D:10)
  A howler monkey (D:5)
  An electric eel (Lair:2)
  4 hounds
  2 centaur skeletons
  8 jellies
  2 orc priests
  2 orc wizards
  2 bullfrog skeletons
  An iguana (D:6)
  5 worker ants
  A hound skeleton (D:6)
  A worker ant zombie (D:10)
  11 adders
  2 shadow imps
  2 white imps
  4 ufetubi
  An ooze (D:2)
  An adder zombie (D:8)
  6 leopard geckos
  29 orcs
  A ball python (D:1)
  9 bats
  7 giant cockroaches
  8 goblins
  8 hobgoblins
  13 jackals
  3 quokkas
  5 frilled lizards
  A jackal skeleton (D:7)
  14 kobolds
  A quokka skeleton (D:7)
  7 rats
314 creatures vanquished.

Vanquished Creatures (others)
  13 fungi
  16 plants
  6 withered plants (D:3)
35 creatures vanquished.

Grand Total: 349 creatures vanquished

Table legend: (Time is in decaauts)
 A = Elapsed time spent in this place.
 B = Non-inter-level travel time spent in this place.
 C = Inter-level travel time spent in this place.
 D = Time resting spent in this place.
 E = Time spent auto-exploring this place.
 F = Levels seen in this place.
 G = Mean time per level.
                   A        B        C        D        E       F      G
               +--------+--------+--------+--------+--------+-----+--------+
         Total |  19557 |  11972 |   7585 |   6705 |      0 |  15 | 1303.8 |
       Dungeon |  14829 |   9072 |   5757 |   4587 |      0 |  11 | 1348.1 |
        Temple |     72 |      1 |     71 |      0 |      0 |   1 |   72.0 |
          Lair |   4655 |   2898 |   1757 |   2118 |      0 |   3 | 1551.7 |
               +--------+--------+--------+--------+--------+-----+--------+

Top non-repeatable levels by time:
    D:10: 3117 daAuts
  Lair:2: 2531 daAuts
     D:1: 1710 daAuts
    D:11: 1625 daAuts
     D:5: 1559 daAuts
  Lair:1: 1360 daAuts
     D:8: 1273 daAuts
     D:9: 1223 daAuts
     D:3: 1200 daAuts
     D:6: 973 daAuts
     D:4: 888 daAuts
  Lair:3: 763 daAuts
     D:7: 722 daAuts
     D:2: 533 daAuts
  Temple: 72 daAuts

Table legend:
 A = Non-vault XP
 B = Vault XP
 C = Vault XP percentage of total XP
 D = Non-vault monster count
 E = Vault monster count
 F = Vault count percentage of total count
                 A         B        C        D         E       F
            +---------+---------+-------+---------+---------+-------
      Total |   23669 |   13669 |  36.6 |     265 |      49 |  15.6
            +---------+---------+-------+---------+---------+-------
        D:1 |      49 |       0 |   0.0 |      32 |       0 |   0.0
        D:2 |      22 |       0 |   0.0 |      11 |       0 |   0.0
        D:3 |     205 |     397 |  65.9 |      21 |       2 |   8.7
        D:4 |     182 |     366 |  66.8 |      11 |       4 |  26.7
        D:5 |     682 |       0 |   0.0 |      19 |       0 |   0.0
        D:6 |     304 |    1848 |  85.9 |      10 |       5 |  33.3
        D:7 |     556 |       0 |   0.0 |      11 |       0 |   0.0
        D:8 |    2138 |       0 |   0.0 |      37 |       0 |   0.0
        D:9 |     732 |     439 |  37.5 |      18 |       4 |  18.2
       D:10 |    3635 |    2938 |  44.7 |      31 |      18 |  36.7
       D:11 |    3035 |    3024 |  49.9 |      20 |       7 |  25.9
     Lair:1 |    2919 |    1088 |  27.2 |      14 |       2 |  12.5
     Lair:2 |    6426 |    1356 |  17.4 |      20 |       6 |  23.1
     Lair:3 |    2784 |    2213 |  44.3 |      10 |       1 |   9.1
            +---------+---------+-------+---------+---------+-------
